AoeStats
← |GaoeG| flamingo

Enclosed

503979698Analyzed
1v1 RM · 28d ago on Sep 3, 2026· 43m 56s· 2 players
Game mode
Random Map
Map size
Tiny (2 player)
Population
200
Speed
Normal
Resources
Standard
Victory
Conquest
Starting age
Dark Age
Ending age
Imperial Age
RankedLock teamsTeams togetherTeam positionsShared explorationLock speedFull tech treeHidden civsTurbo modeCheats
Victory
Defeat
🇪🇸 Wei · Spain
1378
+21
🇨🇳 Mongols · China
1483
-21
|GaoeG| flamingo
7:12 Loom
9:21 Feudal Age
10:14 Double-Bit Axe
10:12 Horse Collar
19:34 Castle Age
19:19 Bloodlines
19:16 Scale Barding Armor
20:17 Husbandry
21:24 Gold Mining
22:16 Bow Saw
23:09 Heavy Plow
24:51 Wheelbarrow
24:39 Fletching
26:56 Bodkin Arrow
27:01 Padded Archer Armor
29:24 Gold Shaft Mining
30:49 Ballistics
32:23 Hand Cart
32:26 Thumb Ring
32:11 Town Watch
35:15 Imperial Age
35:10 Chain Barding Armor
36:40 Forging
36:43 Bracer
36:59 Leather Archer Armor
37:49 Chemistry
37:48 Parthian Tactics
37:47 Conscription
41:22 Ming Guang Armor
42:13 Elite Tiger Cavalry
中国_Taizi
6:02 Loom
8:28 Feudal Age
8:55 Double-Bit Axe
11:58 Wheelbarrow
11:05 Horse Collar
11:44 Fletching
14:52 Padded Archer Armor
21:04 Castle Age
19:54 Gold Mining
21:07 Crossbowman
21:43 Bodkin Arrow
22:35 Scale Barding Armor
22:41 Forging
23:01 Bloodlines
23:20 Husbandry
29:32 Chain Barding Armor
31:00 Iron Casting
35:31 Hand Cart
38:06 Imperial Age
36:46 Stone Mining
37:32 Gold Shaft Mining
38:35 Stone Shaft Mining
40:10 Blast Furnace
39:32 Conscription
39:41 Heavy Camel Rider
41:42 Bracer
Connection lost

Rejoining the realm…

Still unreachable

The connection could not be restored.

Session expired

The server has moved on; the page needs a fresh start.